 Dungeon Crawl Stone Soup version 0.31-a0-164-g2312942fda (webtiles) character file.

Game seed: 4475991667485971650

5563 qw the Skirmisher (level 10, -15/96 HPs)
             Began as a Naga Hunter on June 13, 2023.
             Was a Priest of Okawaru.
             Demolished by a cyclops (28 damage)
             ... on level 8 of the Dungeon.
             The game lasted 00:02:52 (5944 turns).

qw the Skirmisher (Naga Hunter)                     Turns: 5944, Time: 00:02:52

Health: -15/96     AC: 12    Str: 19    XL:     10   Next: 72%
Magic:  12/13      EV: 17    Int: 10    God:    Okawaru [***...]
Gold:   479        SH:  0    Dex: 24    Spells: 9/9 levels left

rFire   x x .        n - +1 longbow of Amorality {flame, *Corrode rPois rF- Dex+5}
rCold   + . .        (shield currently unavailable)
rNeg    . . .        q - +3 leather armour
rPois   +            h - +1 helmet
rElec   .            b - +0 cloak
rCorr   .            (no gloves)
SInv    +            (no barding)
Will    +....        p - amulet of regeneration
Stlth   ++++         i - +6 ring of strength
HPRegen 1.16/turn    m - ring of ice
MPRegen 0.13/turn

%: corrode self (3%)
@: about to teleport, heroic, very slow
A: AC +3, large, see invisible, deformed body, poison resistance, slowness 2,
spit poison 1, naga tail 1
a: Spit Poison, Renounce Religion, Heroism


You were on level 8 of the Dungeon.
You worshipped Okawaru.
Okawaru was most pleased with you.
You visited 1 branch of the dungeon, and saw 8 of its levels.

You collected 593 gold pieces.
You spent 114 gold pieces at shops.


Innate Abilities, Weirdness & Mutations

Your serpentine skin is tough. (AC +3)
You have supernaturally acute eyesight. (SInv)
Armour fits poorly on your strangely shaped body.
Your system is resistant to poisons. (rPois)
You cover ground very slowly.
You can spit poison.
You have a snake-like lower body.


   Skills:
 - Level 8.1(13.1) Fighting
 + Level 11.1(16.1) Ranged Weapons
 - Level 1.3(6.3) Armour
 - Level 5.0(10.0) Dodging
 - Level 1.5(6.5) Stealth
 - Level 4.0 Invocations


You had 9 spell levels left.
You didn't know any spells.
Your spell library was empty.

Inventory:

Hand Weapons
 n - the +1 longbow of Amorality (weapon) {flame, *Corrode rPois rF- Dex+5}
   (You acquired it on level 4 of the Dungeon)

   Dex:       It affects your dexterity (+5).
   rF:        It makes you vulnerable to fire.
   rPois:     It protects you from poison.
   *Corrode:  It may corrode you when you take damage.
Armour
 b - a +0 cloak (worn)
 h - a +1 helmet (worn)
 q - a +3 leather armour (worn)
Jewellery
 i - a +6 ring of strength (left hand)
 m - a ring of ice (right hand)
 p - an amulet of regeneration (around neck)
Scrolls
 c - a scroll of enchant weapon
 e - 3 scrolls of identify
 f - 5 scrolls of teleportation
Potions
 a - a potion of might
 d - 3 potions of mutation
 g - a potion of cancellation
 j - a potion of heal wounds
 k - 4 potions of curing
 l - a potion of magic
 o - a potion of resistance

Dungeon Overview and Level Annotations

Branches:
Dungeon (8/15)             Temple (0/1) D:6            Lair (0/5) D:8

Altars:
Ashenzari
Elyvilon
Fedhas
Gozag
Hepliaklqana
Makhleb
Okawaru
Qazlal
Uskayaw
Vehumet
Wu Jian
Xom
Yredelemnul

Shops:
D:3 [?!   D:5 =

Annotations:
D:6 3 runed translucent doors, qw's ghost, novice GrFi


Message History

The cyclops is severely wounded.
The centaur warrior unwields a +0 orcbow.
The centaur warrior closely misses you.
The centaur warrior kicks you but does no damage.
The cyclops barely misses you.
You shoot an arrow. The arrow hits the cyclops.
The arrow burns the cyclops.
The cyclops is almost dead.
The centaur warrior hits you! The centaur warrior closely misses you.
The centaur warrior hits you.
The centaur warrior kicks you but does no damage.
The cyclops hits you!
You shoot an arrow.
The arrow hits the cyclops but does no damage.
The cyclops is almost dead.
The centaur warrior closely misses you.
The centaur warrior kicks you but does no damage.
You shoot an arrow.
The arrow hits the cyclops but does no damage.
The cyclops is almost dead.
The centaur warrior misses you. The centaur warrior closely misses you.
The cyclops closely misses you.
You shoot an arrow.
The arrow hits the cyclops but does no damage.
The cyclops is almost dead.
The centaur warrior hits you but does no damage.
The centaur warrior kicks you but does no damage.
The centaur warrior hits you but does no damage.
The centaur warrior kicks you but does no damage.
You shoot an arrow.
The arrow hits the cyclops but does no damage.
The cyclops is almost dead.
The centaur warrior hits you. The centaur warrior barely misses you.
The cyclops hits you.
5944 ||| READING 6 scrolls of teleportation.
As you read the scroll of teleportation, it crumbles to dust.
You feel strangely unstable.
You have got your breath back.
The centaur warrior hits you! The centaur warrior barely misses you.
The cyclops hits you!!
You die...

## #####################
.#########.##########........####
.......................).........
.#######..#######.....#..#####...
.# #..#P...P#.#.#..###.#....#
.#######..#.###C#.#.#.##..##.#...
.#........#.+!#.@...#.##...#....#
..........#.###c#!#...##.##......
.#.#>..#..#P...P#.#.#.#..#.#.#).#
..........#######.#.#.....#..#...
.#...#.............#.#...##..#..#
.#........#.#.####..#.#..#..#)#..
..........##.#)#.#...#.#.#*#.%#).
........<.......#####(#.#####.)..
##...#..#[####...##.#.#.#.###.#..


You could see a centaur warrior and a cyclops (poisoned).

Vanquished Creatures
  A two-headed ogre (D:8)
  A deep elf pyromancer (D:8)
  2 wyverns (D:8)
  A basilisk (D:8)
  A steam dragon (D:8)
  Edmund (D:3)
  7 water moccasins
  A sky beast (D:7)
  5 black bears
  2 ice beasts
  An ogre (D:7)
  A wolf (D:8)
  A centaur (D:7)
  A phantom (D:4)
  Blork the orc (D:4)
  2 bullfrogs
  3 gnoll sergeants
  4 scorpions
  7 wights
  5 killer bees (D:7)
  3 hounds
  5 orc priests
  A gnoll bouda (D:5)
  A sleepcap (D:4)
  Jessica (D:2)
  3 iguanas
  5 orc wizards
  Robin (D:3)
  18 gnolls
  7 adders
  A shadow imp (D:8)
  A worm (D:2)
  4 dart slugs
  16 orcs
  11 endoplasms
  2 giant cockroaches
  22 goblins
  16 hobgoblins
  16 jackals
  11 kobolds
  5 quokkas
  5 ball pythons
  8 bats
  A frilled lizard (D:2)
  4 rats
216 creatures vanquished.

Notes
Turn   | Place    | Note
-------+----------+-------------------------------------------
     0 | D:1      | qw the Naga Hunter began the quest for the Orb.
     0 | D:1      | Reached XP level 1. HP: 19/19 MP: 1/1
     0 | D:1      | 0 ||| qw: Version: 0.2-a-29-gc1b59c4
     0 | D:1      | 0 ||| qw: Game counter: 4451
     0 | D:1      | 0 ||| qw: Always use a shield: true
     0 | D:1      | 0 ||| qw: God list: Okawaru
     0 | D:1      | 0 ||| qw: Allow faded altars: false
     0 | D:1      | 0 ||| qw: Do Orc after D:15 true
     0 | D:1      | 0 ||| qw: Do second Lair branch before Depths: true
     0 | D:1      | 0 ||| qw: Lair rune preference: random
     0 | D:1      | 0 ||| qw: Plans: Normal
     0 | D:1      | 0 ||| PLANNING D:1-11
    12 | D:1      | 12 ||| INVOKING Spit Poison.
    30 | D:1      | 30 ||| INVOKING Spit Poison.
    34 | D:1      | 34 ||| INVOKING Spit Poison.
    80 | D:1      | 80 ||| INVOKING Spit Poison.
    82 | D:1      | Reached skill level 4 in Ranged Weapons
    82 | D:1      | Reached XP level 2. HP: 26/26 MP: 2/2
    86 | D:1      | 86 ||| INVOKING Spit Poison.
    92 | D:1      | 92 ||| INVOKING Spit Poison.
   121 | D:1      | 121 ||| INVOKING Spit Poison.
   124 | D:1      | 124 ||| INVOKING Spit Poison.
   219 | D:1      | 219 ||| INVOKING Spit Poison.
   228 | D:1      | 228 ||| INVOKING Spit Poison.
   242 | D:1      | 242 ||| INVOKING Spit Poison.
   244 | D:1      | Reached XP level 3. HP: 29/32 MP: 3/3
   258 | D:1      | 258 ||| INVOKING Spit Poison.
   289 | D:1      | 289 ||| INVOKING Spit Poison.
   345 | D:1      | 345 ||| INVOKING Spit Poison.
   412 | D:1      | 412 ||| INVOKING Spit Poison.
   418 | D:1      | 418 ||| INVOKING Spit Poison.
   422 | D:1      | 422 ||| INVOKING Spit Poison.
   480 | D:1      | 480 ||| INVOKING Spit Poison.
   485 | D:1      | 485 ||| INVOKING Spit Poison.
   488 | D:1      | 488 ||| INVOKING Spit Poison.
   494 | D:1      | 494 ||| INVOKING Spit Poison.
   571 | D:1      | 571 ||| READING scroll labelled YVIENA DIMOAST.
   572 | D:1      | 572 ||| READING scroll labelled ZUOFUFEIPP.
   573 | D:1      | 573 ||| DROPPING scroll of butterflies.
   599 | D:2      | 599 ||| INVOKING Spit Poison.
   605 | D:2      | 605 ||| INVOKING Spit Poison.
   642 | D:2      | 642 ||| INVOKING Spit Poison.
   690 | D:2      | 690 ||| INVOKING Spit Poison.
   693 | D:2      | Reached skill level 5 in Ranged Weapons
   693 | D:2      | Reached XP level 4. HP: 39/39 MP: 4/4
   712 | D:2      | 712 ||| INVOKING Spit Poison.
   718 | D:2      | 718 ||| INVOKING Spit Poison.
   724 | D:2      | 724 ||| INVOKING Spit Poison.
   741 | D:2      | 741 ||| INVOKING Spit Poison.
   792 | D:2      | 792 ||| INVOKING Spit Poison.
   853 | D:2      | 853 ||| READING scroll of enchant weapon.
   853 | D:2      | 853 ||| ENCHANTING +1 shortbow.
   926 | D:2      | Noticed Jessica
   928 | D:2      | 928 ||| INVOKING Spit Poison.
   929 | D:2      | Killed Jessica
   930 | D:2      | Reached skill level 3 in Fighting
   933 | D:2      | 933 ||| INVOKING Spit Poison.
   936 | D:2      | 936 ||| INVOKING Spit Poison.
   937 | D:2      | Reached XP level 5. HP: 47/49 MP: 5/5
   943 | D:2      | 943 ||| INVOKING Spit Poison.
  1067 | D:2      | 1067 ||| INVOKING Spit Poison.
  1426 | D:2      | 1426 ||| INVOKING Spit Poison.
  1496 | D:2      | 1496 ||| UPGRADING to +0 cloak.
  1501 | D:2      | 1501 ||| UPGRADING to +0 helmet.
  1506 | D:2      | 1506 ||| READING scroll labelled CEIC DYEVVAMP.
  1507 | D:2      | 1507 ||| READING 2 scrolls labelled HIUS FAQIH.
  1512 | D:2      | 1512 ||| READING scroll labelled OSMUT XYIR VAUJE.
  1513 | D:2      | 1513 ||| READING scroll labelled HOJANIRRUT.
  1514 | D:2      | 1514 ||| READING 4 scrolls of identify.
  1514 | D:2      | 1514 ||| IDENTIFYING silvery potion
  1515 | D:2      | 1515 ||| READING 3 scrolls of identify.
  1515 | D:2      | 1515 ||| IDENTIFYING dark potion
  1516 | D:2      | 1516 ||| READING 2 scrolls of identify.
  1516 | D:2      | 1516 ||| IDENTIFYING pink potion
  1517 | D:2      | 1517 ||| DROPPING potion of degeneration.
  1518 | D:2      | 1518 ||| DROPPING potion of enlightenment.
  1558 | D:3      | Found a faded altar of an unknown god.
  1560 | D:3      | 1560 ||| INVOKING Spit Poison.
  1563 | D:3      | 1563 ||| INVOKING Spit Poison.
  1568 | D:3      | 1568 ||| INVOKING Spit Poison.
  1571 | D:3      | 1571 ||| INVOKING Spit Poison.
  1654 | D:3      | Found Reumeu's Distillery.
  1661 | D:3      | 1661 ||| BUYING potion of cancellation (88 gold).
  1661 | D:3      | Bought a potion of cancellation for 88 gold pieces
  1661 | D:3      | 1661 ||| SHOPLISTING potion of curing (33 gold, have 23).
  1661 | D:3      | 1661 ||| SHOPLISTING potion of heal wounds (55 gold, have
                  | 23).
  1661 | D:3      | 1661 ||| SHOPLISTING potion of might (44 gold, have 23).
  1665 | D:3      | 1665 ||| INVOKING Spit Poison.
  1671 | D:3      | 1671 ||| INVOKING Spit Poison.
  1675 | D:3      | 1675 ||| INVOKING Spit Poison.
  1722 | D:3      | 1722 ||| INVOKING Spit Poison.
  1739 | D:3      | 1739 ||| INVOKING Spit Poison.
  1742 | D:3      | Found a hazy altar of Hepliaklqana.
  1754 | D:3      | Found a broken altar of Ashenzari.
  1757 | D:3      | Found a blossoming altar of Fedhas.
  1760 | D:3      | Found an iron altar of Okawaru.
  1761 | D:3      | 1761 ||| PLANNING OKAWARU WORSHIP
  1761 | D:3      | 1761 ||| INVOKING Spit Poison.
  1767 | D:3      | Became a worshipper of Warmaster Okawaru
  1767 | D:3      | 1767 ||| PLANNING D:1-11
  1776 | D:3      | Found Tienam's Antique Armour Boutique.
  1781 | D:3      | 1781 ||| INVOKING Spit Poison.
  1784 | D:3      | 1784 ||| INVOKING Spit Poison.
  1787 | D:3      | Found Jyik Xys's Magic Scroll Shop.
  1792 | D:3      | 1792 ||| SHOPLISTING barding (759 gold, have 37).
  1792 | D:3      | 1792 ||| SHOPLISTING glowing leather armour (165 gold, have
                  | 37).
  1792 | D:3      | 1792 ||| SHOPLISTING runed helmet (247 gold, have 37).
  1798 | D:3      | 1798 ||| SHOPLISTING 2 scrolls of teleportation (78 gold,
                  | have 37).
  1798 | D:3      | 1798 ||| SHOPLISTING 3 scrolls of acquirement (2028 gold,
                  | have 37).
  1798 | D:3      | 1798 ||| SHOPLISTING scroll of enchant weapon (97 gold,
                  | have 37).
  1798 | D:3      | 1798 ||| BUYING scroll of identify (26 gold).
  1798 | D:3      | Bought a scroll of identify for 26 gold pieces
  1868 | D:3      | 1868 ||| INVOKING Spit Poison.
  1944 | D:3      | 1944 ||| INVOKING Spit Poison.
  1946 | D:3      | Reached XP level 6. HP: 56/56 MP: 6/6
  1946 | D:3      | Noticed Robin
  1948 | D:3      | Reached skill level 6 in Ranged Weapons
  1948 | D:3      | 1948 ||| INVOKING Spit Poison.
  1952 | D:3      | 1952 ||| FLEEEEING.
  1953 | D:3      | 1953 ||| FLEEEEING.
  1954 | D:3      | 1954 ||| INVOKING Spit Poison.
  1956 | D:3      | 1956 ||| FLEEEEING.
  2045 | D:3      | 2045 ||| INVOKING Spit Poison.
  2052 | D:3      | 2052 ||| INVOKING Spit Poison.
  2056 | D:3      | 2056 ||| INVOKING Spit Poison.
  2058 | D:3      | Killed Robin
  2141 | D:3      | 2141 ||| INVOKING Spit Poison.
  2162 | D:3      | 2162 ||| INVOKING Spit Poison.
  2166 | D:3      | 2166 ||| INVOKING Spit Poison.
  2173 | D:3      | 2173 ||| INVOKING Spit Poison.
  2222 | D:3      | 2222 ||| READING scroll labelled AHEITE KUV GEE.
  2223 | D:3      | 2223 ||| READING 3 scrolls of identify.
  2223 | D:3      | 2223 ||| IDENTIFYING fizzy inky potion
  2224 | D:3      | 2224 ||| READING 2 scrolls of identify.
  2224 | D:3      | 2224 ||| IDENTIFYING smoky emerald potion
  2247 | D:4      | Noticed Edmund
  2248 | D:4      | 2248 ||| INVOKING Spit Poison.
  2253 | D:4      | 2253 ||| INVOKING Spit Poison.
  2254 | D:4      | 2254 ||| STAIRDANCE
  2256 | D:3      | 2256 ||| INVOKING Spit Poison.
  2261 | D:3      | 2261 ||| INVOKING Spit Poison.
  2264 | D:3      | 2264 ||| INVOKING Spit Poison.
  2264 | D:3      | Killed Edmund
  2413 | D:4      | 2413 ||| INVOKING Spit Poison.
  2419 | D:4      | 2419 ||| INVOKING Spit Poison.
  2423 | D:4      | 2423 ||| INVOKING Spit Poison.
  2440 | D:4      | 2440 ||| INVOKING Spit Poison.
  2446 | D:4      | 2446 ||| INVOKING Spit Poison.
  2463 | D:4      | Noticed Blork the orc
  2465 | D:4      | 2465 ||| INVOKING Spit Poison.
  2471 | D:4      | 2471 ||| INVOKING Spit Poison.
  2471 | D:4      | Killed Blork the orc
  2471 | D:4      | Reached * piety under Okawaru
  2472 | D:4      | Reached XP level 7. HP: 57/66 MP: 7/7
  2503 | D:4      | 2503 ||| INVOKING Spit Poison.
  2508 | D:4      | 2508 ||| INVOKING Spit Poison.
  2511 | D:4      | Reached skill level 1 in Invocations
  2582 | D:4      | 2582 ||| INVOKING Spit Poison.
  2644 | D:4      | 2644 ||| INVOKING Spit Poison.
  2655 | D:4      | 2655 ||| INVOKING Spit Poison.
  2745 | D:4      | 2745 ||| INVOKING Spit Poison.
  2761 | D:4      | 2761 ||| INVOKING Spit Poison.
  2767 | D:4      | 2767 ||| INVOKING Spit Poison.
  2857 | D:4      | 2857 ||| INVOKING Spit Poison.
  2947 | D:4      | 2947 ||| INVOKING Spit Poison.
  3040 | D:4      | 3040 ||| INVOKING Spit Poison.
  3091 | D:4      | 3091 ||| INVOKING Spit Poison.
  3157 | D:4      | 3157 ||| UPGRADING to amulet of regeneration.
  3162 | D:4      | 3162 ||| UPGRADING to +6 ring of strength.
  3163 | D:4      | 3163 ||| READING scroll labelled JEAFUO ERUDO.
  3163 | D:4      | Identified a scroll of acquirement
  3163 | D:4      | 3163 ||| ACQUIRING +1 longbow of Amorality {flame, *Corrode
                  | rPois rF- Dex+5}
  3163 | D:4      | Acquired the +1 longbow of Amorality {flame, *Corrode rPois
                  | rF- Dex+5}
  3165 | D:4      | 3165 ||| SWAPPING to +1 longbow of Amorality {flame,
                  | *Corrode rPois rF- Dex+5}.
  3166 | D:4      | 3166 ||| DROPPING +2 shortbow.
  3167 | D:4      | 3167 ||| UPGRADING to ring of ice.
  3168 | D:4      | 3168 ||| READING scroll labelled BYSHANKEUBO.
  3169 | D:4      | 3169 ||| READING scroll labelled HIESTOUMMI.
  3198 | D:4      | 3198 ||| READING 2 scrolls of identify.
  3198 | D:4      | 3198 ||| IDENTIFYING inky potion
  3219 | D:5      | Entered Level 5 of the Dungeon
  3244 | D:5      | 3244 ||| INVOKING Spit Poison.
  3249 | D:5      | 3249 ||| INVOKING Spit Poison.
  3250 | D:5      | Reached skill level 3 in Invocations
  3322 | D:5      | Found Imol's Jewellery Emporium.
  3331 | D:5      | 3331 ||| SHOPLISTING +4 ring of protection (468 gold, have
                  | 147).
  3331 | D:5      | 3331 ||| SHOPLISTING +6 ring of strength (468 gold, have
                  | 147).
  3331 | D:5      | 3331 ||| SHOPLISTING ring of ice (325 gold, have 147).
  3331 | D:5      | 3331 ||| SHOPLISTING ring of positive energy (260 gold,
                  | have 147).
  3331 | D:5      | 3331 ||| SHOPLISTING ring of protection from cold (325
                  | gold, have 147).
  3376 | D:5      | 3376 ||| INVOKING Heroism.
  3377 | D:5      | 3377 ||| INVOKING Spit Poison.
  3383 | D:5      | 3383 ||| INVOKING Spit Poison.
  3388 | D:5      | Reached XP level 8. HP: 65/73 MP: 8/10
  3388 | D:5      | 3388 ||| INVOKING Spit Poison.
  3393 | D:5      | 3393 ||| INVOKING Spit Poison.
  3445 | D:5      | Found a white marble altar of Elyvilon.
  3493 | D:5      | 3493 ||| INVOKING Spit Poison.
  3497 | D:5      | 3497 ||| INVOKING Spit Poison.
  3501 | D:5      | 3501 ||| INVOKING Spit Poison.
  3507 | D:5      | 3507 ||| INVOKING Spit Poison.
  3508 | D:5      | Reached skill level 7 in Ranged Weapons
  3726 | D:5      | Found a basalt altar of Yredelemnul.
  3734 | D:5      | 3734 ||| DROPPING ring of flight.
  3735 | D:5      | 3735 ||| DRINKING 2 coppery potions.
  3736 | D:5      | 3736 ||| READING 2 scrolls of identify.
  3736 | D:5      | 3736 ||| IDENTIFYING fizzy emerald potion
  3737 | D:5      | 3737 ||| DROPPING potion of attraction.
  3775 | D:6      | Found a runed translucent gate.
  3787 | D:6      | Found a runed translucent gate.
  3788 | D:6      | Found a runed translucent gate.
  3797 | D:6      | 3797 ||| INVOKING Spit Poison.
  3801 | D:6      | 3801 ||| INVOKING Spit Poison.
  3805 | D:6      | Reached skill level 1 in Armour
  3806 | D:6      | 3806 ||| INVOKING Spit Poison.
  3808 | D:6      | Reached ** piety under Okawaru
  3809 | D:6      | 3809 ||| INVOKING Spit Poison.
  3973 | D:6      | Noticed qw's ghost (novice GrFi)
  4021 | D:6      | 4021 ||| INVOKING Spit Poison.
  4127 | D:6      | 4127 ||| INVOKING Heroism.
  4293 | D:6      | 4293 ||| INVOKING Spit Poison.
  4297 | D:6      | 4297 ||| INVOKING Spit Poison.
  4328 | D:6      | 4328 ||| INVOKING Spit Poison.
  4353 | D:6      | 4353 ||| INVOKING Heroism.
  4354 | D:6      | 4354 ||| Stepping ~*~*~tactically~*~*~ (outnumbered).
  4371 | D:6      | 4371 ||| INVOKING Heroism.
  4372 | D:6      | 4372 ||| Stepping ~*~*~tactically~*~*~ (outnumbered).
  4388 | D:6      | 4388 ||| Stepping ~*~*~tactically~*~*~ (outnumbered).
  4389 | D:6      | 4389 ||| INVOKING Spit Poison.
  4395 | D:6      | 4395 ||| INVOKING Spit Poison.
  4403 | D:6      | 4403 ||| INVOKING Spit Poison.
  4431 | D:6      | Found a staircase to the Ecumenical Temple.
  4470 | D:6      | Reached skill level 8 in Ranged Weapons
  4625 | D:6      | 4625 ||| READING scroll labelled XIPPUH WEMMO.
  4626 | D:6      | 4626 ||| READING 2 scrolls of identify.
  4626 | D:6      | 4626 ||| IDENTIFYING blue potion
  4640 | D:7      | 4640 ||| INVOKING Heroism.
  4641 | D:7      | 4641 ||| Stepping ~*~*~tactically~*~*~ (outnumbered).
  4645 | D:7      | 4645 ||| INVOKING Spit Poison.
  4649 | D:7      | 4649 ||| INVOKING Spit Poison.
  4654 | D:7      | Reached skill level 3 in Dodging
  4657 | D:7      | 4657 ||| INVOKING Spit Poison.
  4664 | D:7      | 4664 ||| INVOKING Spit Poison.
  4672 | D:7      | Found a radiant altar of Vehumet.
  4721 | D:7      | 4721 ||| INVOKING Spit Poison.
  4727 | D:7      | 4727 ||| READING scroll of enchant armour.
  4727 | D:7      | 4727 ||| ENCHANTING +0 helmet.
  4734 | D:7      | 4734 ||| INVOKING Spit Poison.
  4737 | D:7      | 4737 ||| INVOKING Spit Poison.
  4738 | D:7      | Reached XP level 9. HP: 77/81 MP: 12/12
  4741 | D:7      | 4741 ||| INVOKING Spit Poison.
  4786 | D:7      | 4786 ||| INVOKING Spit Poison.
  4788 | D:7      | Reached skill level 9 in Ranged Weapons
  4853 | D:7      | 4853 ||| INVOKING Heroism.
  4855 | D:7      | 4855 ||| INVOKING Spit Poison.
  4936 | D:7      | 4936 ||| INVOKING Spit Poison.
  4942 | D:7      | Reached skill level 6 in Fighting
  5048 | D:7      | 5048 ||| INVOKING Spit Poison.
  5081 | D:7      | Found a shimmering altar of Xom.
  5082 | D:7      | 5082 ||| INVOKING Heroism.
  5083 | D:7      | 5083 ||| INVOKING Spit Poison.
  5098 | D:7      | Found an opulent altar of Gozag.
  5098 | D:7      | Found an opulent altar of Gozag.
  5100 | D:7      | Found a hide-covered altar of Uskayaw.
  5100 | D:7      | Found a shimmering altar of Xom.
  5100 | D:7      | Found a shimmering altar of Xom.
  5312 | D:7      | Found an ornate altar of the Wu Jian Council.
  5313 | D:7      | Found a burning altar of Makhleb.
  5315 | D:7      | Found a stormy altar of Qazlal.
  5317 | D:7      | Found an opulent altar of Gozag.
  5348 | D:7      | 5348 ||| UPGRADING to +3 leather armour.
  5358 | D:7      | 5358 ||| DROPPING +0 leather armour.
  5378 | D:8      | Noticed a two-headed ogre
  5379 | D:8      | 5379 ||| INVOKING Heroism.
  5380 | D:8      | 5380 ||| INVOKING Spit Poison.
  5385 | D:8      | Reached skill level 10 in Ranged Weapons
  5389 | D:8      | 5389 ||| INVOKING Spit Poison.
  5391 | D:8      | Killed a two-headed ogre
  5392 | D:8      | Reached XP level 10. HP: 81/91 MP: 11/13
  5438 | D:8      | 5438 ||| INVOKING Spit Poison.
  5441 | D:8      | 5441 ||| INVOKING Spit Poison.
  5460 | D:8      | Noticed a deep elf pyromancer
  5461 | D:8      | 5461 ||| INVOKING Spit Poison.
  5464 | D:8      | 5464 ||| INVOKING Spit Poison.
  5464 | D:8      | Killed a deep elf pyromancer
  5464 | D:8      | Reached *** piety under Okawaru
  5479 | D:8      | 5479 ||| INVOKING Spit Poison.
  5483 | D:8      | 5483 ||| INVOKING Spit Poison.
  5487 | D:8      | 5487 ||| INVOKING Spit Poison.
  5493 | D:8      | 5493 ||| INVOKING Spit Poison.
  5538 | D:8      | 5538 ||| INVOKING Spit Poison.
  5542 | D:8      | 5542 ||| INVOKING Spit Poison.
  5544 | D:8      | 5544 ||| INVOKING Heroism.
  5549 | D:8      | 5549 ||| INVOKING Spit Poison.
  5555 | D:8      | 5555 ||| INVOKING Spit Poison.
  5562 | D:8      | 5562 ||| INVOKING Spit Poison.
  5565 | D:8      | 5565 ||| DRINKING 2 potions of cancellation.
  5568 | D:8      | Reached skill level 11 in Ranged Weapons
  5569 | D:8      | 5569 ||| INVOKING Heroism.
  5570 | D:8      | 5570 ||| INVOKING Spit Poison.
  5600 | D:8      | 5600 ||| INVOKING Spit Poison.
  5604 | D:8      | 5604 ||| INVOKING Spit Poison.
  5642 | D:8      | 5642 ||| INVOKING Spit Poison.
  5647 | D:8      | 5647 ||| INVOKING Spit Poison.
  5732 | D:8      | 5732 ||| INVOKING Spit Poison.
  5875 | D:8      | 5875 ||| DROPPING +3 orcbow.
  5879 | D:8      | Found a staircase to the Lair.
  5927 | D:8      | Noticed a cyclops
  5928 | D:8      | 5928 ||| READING scroll labelled GITIUL JUUFU.
  5929 | D:8      | 5929 ||| READING 4 scrolls of identify.
  5929 | D:8      | 5929 ||| IDENTIFYING metallic golden potion
  5930 | D:8      | 5930 ||| DROPPING potion of lignification.
  5931 | D:8      | Noticed a centaur warrior
  5932 | D:8      | 5932 ||| INVOKING Heroism.
  5933 | D:8      | 5933 ||| INVOKING Spit Poison.
  5938 | D:8      | 5938 ||| INVOKING Spit Poison.
  5943 | D:8      | HP: 21/96 [cyclops (6)]
  5944 | D:8      | 5944 ||| READING 6 scrolls of teleportation.
  5944 | D:8      | Demolished by a cyclops

Levels and vault maps discovered:
D:1:      wheals_arrival_shading, layout_basic, serial_bayou_pond_b
D:2:      minmay_wonky_spiral, layout_basic, minmay_increasing_density,
          uniq_jessica
D:3:      layout_basic, grunt_temple_overflow_cloverleaf,
          chequers_ecumenical_altar_island, serial_shops,
          nicolae_shop_waterfront, nicolae_shop_industrial_runoff, shop,
          uniq_robin
D:4:      layout_gridville, uniq_edmund, uniq_blork_the_orc
D:5:      layout_cave_pools, kennysheep_ying_yang, serial_shops,
          nicolae_shop_peninsula
D:6:      layout_basic, temple_hall_moat, biasface_ghost_orc_armoury
D:7:      layout_loops_ring, nicolae_vehumet_radiance, minitemple,
          doesnt_xom_only_xom
D:8:      layout_basic, minmay_lair_entry_grove, dreamdust_wishing_well,
          minmay_shattered_shrine

Skill      XL: |  1  2  3  4  5  6  7  8  9 10 |
---------------+-------------------------------+-----
Ranged Weapons | 4 5 6 8 10 11 | 11.1
Fighting       | 3 4 5 6 8 |  8.1
Dodging        | 2 3 5 |  5.0
Invocations    | 3 4 |  4.0
Armour         | 1 |  1.3
Stealth        | |  1.5

Action                     |  1- 3 |  4- 6 |  7- 9 | 10-12 || total
---------------------------+-------+-------+-------+-------++-------
   Fire: Shortbow          |    73 |   139 |    45 |       ||   257
         Longbow           |       |       |   135 |    88 ||   223
 Invoke: Heroism           |       |       |     8 |     3 ||    11
Ability: Spit Poison       |    25 |    46 |    48 |    21 ||   140
    Use: Scroll            |     2 |    11 |     8 |     3 ||    24
         Potion            |       |       |     1 |     1 ||     2
 Armour: Leather armour    |    17 |    21 |    15 |    60 ||   113
  Dodge: Dodged            |    34 |    21 |    52 |   130 ||   237

Table legend:
 A = Non-vault XP
 B = Vault XP
 C = Vault XP percentage of total XP
 D = Non-vault monster count
 E = Vault monster count
 F = Vault count percentage of total count
                 A         B        C        D         E       F
            +---------+---------+-------+---------+---------+-------
      Total |    4999 |    2949 |  37.1 |     168 |      48 |  22.2
            +---------+---------+-------+---------+---------+-------
        D:1 |      55 |       8 |  12.7 |      30 |       4 |  11.8
        D:2 |      50 |      95 |  65.5 |      15 |      14 |  48.3
        D:3 |     118 |     199 |  62.8 |      29 |      13 |  31.0
        D:4 |     390 |     102 |  20.7 |      22 |       1 |   4.3
        D:5 |     323 |       0 |   0.0 |      15 |       0 |   0.0
        D:6 |     582 |       0 |   0.0 |      15 |       0 |   0.0
        D:7 |    1609 |       0 |   0.0 |      27 |       0 |   0.0
        D:8 |    1872 |    2545 |  57.6 |      15 |      16 |  51.6
            +---------+---------+-------+---------+---------+-------
